 Dungeon Crawl Stone Soup version 0.28.0 (webtiles) character file.

Game seed: 17896397714656962497

98 issech the Cudgeller (level 4, -2/45 HPs)
             Began as a Troll Monk on Feb 16, 2022.
             Killed from afar by a white imp (10 damage)
             ... with a puff of frost
             ... summoned by Natasha
             ... on level 1 of the Dungeon.
             The game lasted 00:05:19 (1539 turns).

issech the Cudgeller (Troll Monk)                   Turns: 1539, Time: 00:05:19

Health: -2/45      AC:  8    Str: 19    XL:     4   Next: 43%
Magic:  3/3        EV: 10    Int:  6    God:
Gold:   79         SH:  0    Dex: 14    Spells: 3/3 levels left

rFire   . . .      SeeInvis .   a - +0 mace
rCold   . . .      Faith    .   (no shield)
rNeg    . . .      Spirit   .   b - +0 robe
rPois   .          Reflect  .   (helmet restricted)
rElec   .          Harm     .   (no cloak)
rCorr   .          Rampage  .   (gloves unavailable)
Will    .....                   (boots unavailable)
Stlth   ++........              (no amulet)
HPRegen 0.95/turn               j - +4 ring of protection
MPRegen 0.08/turn               (no ring)

@: slowed, very slow
A: large, unfitting armour, claws 3, regeneration 1, shaggy fur 1, tough skin 1
a: no special abilities


You were on level 1 of the Dungeon.
You visited 1 branch of the dungeon, and saw 2 of its levels.

You collected 79 gold pieces.

Inventory:

Hand Weapons
 a - a +0 mace (weapon)
Missiles
 f - 2 boomerangs (quivered)
 k - 5 stones
Armour
 b - a +0 robe (worn)
Jewellery
 j - a +4 ring of protection (left claw)
Scrolls
 c - a scroll of vulnerability {unknown}
 d - a scroll of enchant weapon {unknown}
 e - a scroll of acquirement {unknown}
 h - a scroll of blinking {unknown}
 i - a scroll of brand weapon {unknown}
Potions
 g - a potion of resistance {unknown}
 l - a potion of attraction {unknown}


   Skills:
 + Level 3.0 Fighting
 + Level 3.6 Maces & Flails
 + Level 3.0 Dodging
 + Level 1.2 Stealth


You had 3 spell levels left.
You didn't know any spells.
Your spell library contained the following spells:

 Spells                   Type           Power      Damage    Failure   Level
 Apportation              Tloc           0%         N/A       45%         1
 Alistair's Intoxication  Tmut/Pois      0%         N/A       100%        5


Dungeon Overview and Level Annotations

Branches:
Dungeon (2/15)

Altars:

Annotations:
D:1 Natasha


Innate Abilities, Weirdness & Mutations

You are too large for most types of armour.
You have claws for hands.
Your natural rate of healing is unusually fast.
You are covered in fur. (AC +1)
You have tough skin. (AC +1)


Message History

Natasha barely misses you.
The white imp shouts, "Crawl home, thou feckless idle-headed blabberskite!"
The white imp barely misses you.
You barely miss Natasha.
Natasha is moderately wounded.
Natasha claws you. The white imp gestures at you. The puff of frost hits you.
You closely miss Natasha.
Natasha is moderately wounded.
Natasha mumbles some strange words.
The white imp hits you but does no damage.
You hit Natasha.
Natasha is severely wounded.
Natasha barely misses you. The white imp closely misses you.
Natasha casts a spell at you.
You feel yourself slow down.
You hit Natasha but do no damage.
Natasha is severely wounded.
The white imp hits you. The white imp freezes you.
The white imp gestures at you. The puff of frost hits you. Natasha claws you.
The white imp grinds its teeth.
The white imp gestures at you. The puff of frost hits you.
The white imp gestures at you. The puff of frost misses you.
The puff of frost hits the white imp.
The white imp completely resists.
You barely miss Natasha.
Natasha is severely wounded.
Natasha claws you. The white imp hits you.
* * * LOW HITPOINT WARNING * * *
The white imp freezes you.
* * * LOW HITPOINT WARNING * * *
The white imp hits you but does no damage.
Natasha extends her claws.
Natasha closely misses you. The white imp gestures at you.
The puff of frost hits you!
You die...

...# #....##..####.#..#
...## #...........#.#..#
....# #.............#..###
....# #........#....#...[#
....###..#..#....##.#.##.#
....................#.##.#
#######.##..#.......#.##.#
#.........5h....##.#
#######......@##.####.#
##..<..##.....5...####.#
#.......#.#............#
###.......#.##...#..###..#
.##.......#.##.......##..#
.##.§§≈≈..#.##.......##..#
.##.≈§§§§.#.###..##..##..#
.##.§§)≈≈.#.#.......).#..#
###§≈≈>≈≈.#.#.##.######..#


You could see Natasha and 2 white imps.

Vanquished Creatures
  Natasha (twice) (D:2)
  A dart slug (D:2)
  2 endoplasms
  4 giant cockroaches
  7 goblins (D:1)
  4 hobgoblins
  2 jackals
  7 quokkas
  A ball python (D:2)
  2 bats (D:1)
  3 frilled lizards (D:1)
  2 kobolds (D:2)
  6 rats
43 creatures vanquished.

Notes
Turn   | Place    | Note
-------+----------+-------------------------------------------
     0 | D:1      | issech the Troll Monk began the quest for the Orb.
     0 | D:1      | Reached XP level 1. HP: 22/22 MP: 0/0
   330 | D:1      | Reached XP level 2. HP: 29/29 MP: 1/1
   501 | D:1      | You fall into a shaft and drop 1 floor!
   550 | D:2      | Noticed Natasha
   854 | D:1      | Reached XP level 3. HP: 36/36 MP: 2/2
  1271 | D:2      | Killed Natasha
  1285 | D:2      | Reached XP level 4. HP: 44/44 MP: 3/3
  1316 | D:2      | Noticed Natasha
  1340 | D:2      | Killed Natasha
  1499 | D:2      | Noticed Natasha
  1539 | D:1      | Killed from afar by a white imp

Illustrated notes

Levels and vault maps discovered:
D:1:      lemuel_arrival_lava_pool, layout_basic, minmay_ruptured
D:2:      layout_basic, uniq_natasha

Skill      XL: |  1  2  3  4 |
---------------+-------------+-----
Maces & Flails | 3 |  3.6
Fighting       | 3 |  3.0
Dodging        | 3 |  3.0
Stealth        | |  1.2

Action                   |  1- 3 |  4- 6 || total
-------------------------+-------+-------++-------
Melee: Mace              |   149 |    33 ||   182
 Stab: Sleeping          |     5 |       ||     5
Armor: Robe              |    85 |    18 ||   103
Dodge: Dodged            |   110 |    25 ||   135
